[Event "90th GER-ch 2019"]
[Site "Magdeburg"]
[Date "2019.06.01"]
[Round "9.6"]
[White "Roseneck, Jonas"]
[Black "Schulz, Karsten"]
[Result "1/2-1/2"]
[ECO "C00"]
[WhiteElo "2403"]
[BlackElo "2227"]
[Annotator "ChessBase"]
[PlyCount "123"]
[EventDate "2019.05.26"]
[EventType "tourn"]
[EventCountry "GER"]
[SourceTitle "playchess.com"]
[Source "ChessBase"]
[SourceQuality "1"]
[TimeControl "40/5400+30:1800+30"]

1. e4 e6 2. d4 b6 3. Bd3 Bb7 4. Nf3 g6 5. Bg5 Qc8 6. O-O Bg7 7. Re1 d6 8. Nbd2 Nd7 9. Nf1 h6 10. Be3 Ngf6 11. Ng3 O-O 12. h3 a6 13. c3 Qd8 14. a4 Re8 15. Qc1 Kh7 16. h4 Ng4 17. h5 Nxe3 18. Qxe3 e5 19. dxe5 Nxe5 20. Nxe5 dxe5 21. Bc4 Qe7 22. Rad1 Rad8 23. Qe2 a5 24. Rxd8 Rxd8 25. Rd1 Rd7 26. Rxd7 Qxd7 27. Qf3 gxh5 28. Nxh5 Kg8 29. Bd5 Bc8 30. Nf6+ Bxf6 31. Qxf6 Qe8 32. Qg6+ Kf8 33. Qxh6+ Kg8 34. Qg6+ Kf8 35. Qf6 Kg8 36. g3 Bd7 37. Qg5+ Kh7 38. Qh5+ Kg7 39. Qg5+ Kh7 40. b3 c6 41. Bc4 b5 42. axb5 cxb5 43. Bd5 a4 44. bxa4 bxa4 45. Qf6 Be6 46. Qh4+ Kg7 47. Qg5+ Kh7 48. Qh5+ Kg8 49. Qg5+ Kh7 50. Qxe5 Qb5 51. Qh5+ Kg7 52. Qg5+ Kh7 53. Qh4+ Kg6 54. Bxe6 fxe6 55. e5 Qb3 56. g4 a3 57. Qf6+ Kh7 58. g5 Qb1+ 59. Kh2 Qf5 60. Qe7+ Kg6 61. Qxa3 Qxf2+ 62. Kh1 1/2-1/2

[Event "90th GER-ch 2019"]
[Site "Magdeburg"]
[Date "2019.06.01"]
[Round "9.7"]
[White "Pfreundt, Jakob"]
[Black "Becker, Marcel"]
[Result "1/2-1/2"]
[ECO "A11"]
[WhiteElo "2392"]
[BlackElo "2308"]
[Annotator "ChessBase"]
[PlyCount "106"]
[EventDate "2019.05.26"]
[EventType "tourn"]
[EventCountry "GER"]
[SourceTitle "playchess.com"]
[Source "ChessBase"]
[SourceQuality "1"]
[TimeControl "40/5400+30:1800+30"]

1. c4 c6 2. Nc3 d5 3. e3 e5 4. d4 exd4 5. exd4 Nf6 6. Nf3 Be7 7. Bd3 O-O 8. cxd5 cxd5 9. h3 Nc6 10. O-O h6 11. Bf4 Be6 12. Re1 Re8 13. Rc1 a6 14. Bb1 Nd7 15. Qd3 Nf8 16. Na4 Bd6 17. Ne5 Qf6 18. Bg3 Ne7 19. Ng4 Bxg4 20. Bxd6 Qxd6 21. hxg4 Nc6 22. Nc3 Rxe1+ 23. Rxe1 Rd8 24. Rd1 Qf4 25. Qf5 Qd6 26. a3 g6 27. Qf3 Ne6 28. Qe3 Qf4 29. Qxf4 Nxf4 30. Ba2 Kf8 31. g3 Ne6 32. Bxd5 Nexd4 33. Kg2 Re8 34. Rd2 Rd8 35. f4 Nb5 36. Ne4 Na5 37. b4 f5 38. gxf5 gxf5 39. Nc5 Nc4 40. Ne6+ Ke7 41. Nxd8 Nxd2 42. Nxb7 Nxa3 43. Nc5 Nc2 44. Bb7 Nxb4 45. Nxa6 Nxa6 46. Bxa6 Kf6 47. Kh3 Ne4 48. Bb7 Nf2+ 49. Kh4 Kg6 50. Bc6 Ng4 51. Bf3 Nf6 52. Bd1 Ne4 53. g4 fxg4 1/2-1/2

[Event "90th GER-ch 2019"]
[Site "Magdeburg"]
[Date "2019.06.01"]
[Round "9.8"]
[White "Engel, Luis"]
[Black "Gungl, Theo"]
[Result "1-0"]
[ECO "B90"]
[WhiteElo "2512"]
[BlackElo "2331"]
[Annotator "ChessBase"]
[PlyCount "77"]
[EventDate "2019.05.26"]
[EventType "tourn"]
[EventCountry "GER"]
[SourceTitle "playchess.com"]
[Source "ChessBase"]
[SourceQuality "1"]
[TimeControl "40/5400+30:1800+30"]

1. e4 c5 2. Nf3 d6 3. d4 cxd4 4. Nxd4 Nf6 5. Nc3 a6 6. Be3 e6 7. f3 b5 8. Qd2 Bb7 9. g4 Nfd7 10. O-O-O Nb6 11. Nb3 N8d7 12. Na5 Rb8 13. Bf4 Nc8 14. Nxb7 Rxb7 15. h4 Be7 16. Kb1 O-O 17. g5 Nc5 18. b3 b4 19. Ne2 Na7 20. Nc1 Qa5 21. Be3 Rc8 22. Bd4 Rbc7 23. Bb2 Nd7 24. Rh2 Ne5 25. Qe3 Nb5 26. Bxb5 Qxb5 27. Rg2 Bf8 28. f4 Nc6 29. h5 a5 30. f5 exf5 31. g6 hxg6 32. hxg6 fxg6 33. Rxg6 Ne5 34. Rg2 fxe4 35. Rh1 Qd5 36. Qh3 Re8 37. Qh5 e3 38. Rgh2 Rcc8 39. Rf1 1-0

[Event "90th GER-ch 2019"]
[Site "Magdeburg"]
[Date "2019.06.01"]
[Round "9.9"]
[White "Bastian, Herbert"]
[Black "Pajeken, Jakob Leon"]
[Result "1-0"]
[ECO "C50"]
[WhiteElo "2297"]
[BlackElo "2359"]
[Annotator "ChessBase"]
[PlyCount "67"]
[EventDate "2019.05.26"]
[EventType "tourn"]
[EventCountry "GER"]
[SourceTitle "playchess.com"]
[Source "ChessBase"]
[SourceQuality "1"]
[TimeControl "40/5400+30:1800+30"]

1. e4 e5 2. Nf3 Nc6 3. Bc4 Bc5 4. d3 Nf6 5. Nc3 d6 6. Be3 Nd4 7. h3 c6 8. O-O b5 9. Bb3 a5 10. a3 Nxb3 11. cxb3 Bxe3 12. fxe3 O-O 13. Qd2 Be6 14. b4 axb4 15. axb4 Qe7 16. Ra5 Rxa5 17. bxa5 b4 18. Ne2 Qa7 19. Ng3 Qxa5 20. Nh4 d5 21. Rxf6 gxf6 22. Qf2 dxe4 23. Nh5 Ra8 24. Qxf6 Kf8 25. Ng7 Qa7 26. Nxe6+ Ke8 27. Ng7+ Kd7 28. Nhf5 Kc7 29. Qd6+ Kb7 30. Qxb4+ Qb6 31. Nd6+ Ka7 32. Qxe4 Qxb2 33. Qxc6 Qc1+ 34. Qxc1 1-0

[Event "90th GER-ch 2019"]
[Site "Magdeburg"]
[Date "2019.06.01"]
[Round "9.10"]
[White "Krastev, Alexander"]
[Black "Wachinger, Nikolas"]
[Result "0-1"]
[ECO "B90"]
[WhiteElo "2344"]
[BlackElo "2311"]
[Annotator "ChessBase"]
[PlyCount "120"]
[EventDate "2019.05.26"]
[EventType "tourn"]
[EventCountry "GER"]
[SourceTitle "playchess.com"]
[Source "ChessBase"]
[SourceQuality "1"]
[TimeControl "40/5400+30:1800+30"]

1. e4 c5 2. Nf3 d6 3. d4 Nf6 4. Nc3 cxd4 5. Nxd4 a6 6. Qf3 g6 7. h3 Bg7 8. Be3 Bd7 9. O-O-O Nc6 10. g4 O-O 11. Qg2 Nxd4 12. Bxd4 Bc6 13. h4 Qa5 14. Kb1 Nxe4 15. Bxg7 Nxc3+ 16. Bxc3 Bxg2 17. Bxg2 Qc7 18. h5 e5 19. f4 Rac8 20. hxg6 hxg6 21. Rxd6 Qxd6 22. Bxe5 Qxe5 23. fxe5 Rc7 24. Bd5 Re8 25. Re1 Rce7 26. c4 b5 27. Rf1 Kg7 28. Rf6 Ra7 29. cxb5 axb5 30. Rb6 Rxe5 31. Rxb5 Rd7 32. Bc6 Re1+ 33. Kc2 Rd4 34. Bf3 Re3 35. Rb3 Rc4+ 36. Kd2 Rxb3 37. axb3 Rf4 38. Be2 Kf6 39. Kc3 Ke5 40. b4 g5 41. b5 f5 42. gxf5 g4 43. b6 Kd6 44. Bb5 g3 45. b7 Kc7 46. Bc6 Rxf5 47. Kd2 Rf2+ 48. Ke1 Rxb2 49. b8=Q+ Kxb8 50. Kf1 Rf2+ 51. Kg1 Kc7 52. Ba8 Kd6 53. Bb7 Ke5 54. Ba8 Kf4 55. Bb7 Rc2 56. Ba8 Kg4 57. Bd5 Rc5 58. Bb7 Rc1+ 59. Kg2 Rc2+ 60. Kg1 Kh3 0-1

[Event "90th GER-ch 2019"]
[Site "Magdeburg"]
[Date "2019.06.01"]
[Round "9.11"]
[White "Trifan, Andrei Ioan"]
[Black "Maetzkow, Maximilian Paul"]
[Result "1/2-1/2"]
[ECO "C11"]
[WhiteElo "2268"]
[BlackElo "2338"]
[Annotator "ChessBase"]
[PlyCount "113"]
[EventDate "2019.05.26"]
[EventType "tourn"]
[EventCountry "GER"]
[SourceTitle "playchess.com"]
[Source "ChessBase"]
[SourceQuality "1"]
[TimeControl "40/5400+30:1800+30"]

1. e4 e6 2. d4 d5 3. Nc3 Nf6 4. e5 Nfd7 5. f4 c5 6. Nf3 Nc6 7. Be3 Be7 8. Qd2 O-O 9. dxc5 Nxc5 10. O-O-O b6 11. h4 Bb7 12. Qe1 a6 13. h5 Qc7 14. h6 g6 15. Kb1 Rac8 16. Ne2 a5 17. Ned4 Nxd4 18. Bxd4 a4 19. a3 Ne4 20. Bd3 b5 21. c3 Qa5 22. Bxe4 dxe4 23. Ng5 Qa8 24. Qe2 Bd5 25. Rhe1 Bxg5 26. fxg5 Rc4 27. Qf2 Qd8 28. Bc5 Rxc5 29. Qxc5 Qxg5 30. Qxb5 Bb3 31. Rd4 Qxg2 32. Qe2 Qg5 33. Qe3 Qxe5 34. Rxe4 Qh2 35. Re2 Qh1+ 36. Re1 Qh2 37. Rd4 f6 38. Rd7 g5 39. Qe4 Qxh6 40. Rh1 Qg6 41. Qxg6+ hxg6 42. Rhh7 Rc8 43. Rhg7+ Kf8 44. Rxg6 f5 45. Rxg5 Rc4 46. Rh5 Kg8 47. Rg5+ Kf8 48. Rd4 Rc7 49. Rh4 Rf7 50. Rgh5 f4 51. Rh8+ Ke7 52. R8h7 e5 53. Kc1 Rxh7 54. Rxh7+ Kf6 55. Kd2 e4 56. Rh5 Bc4 57. Rc5 1/2-1/2

[Event "90th GER-ch 2019"]
[Site "Magdeburg"]
[Date "2019.06.01"]
[Round "9.12"]
[White "Schulz, Lukas"]
[Black "Heimrath, Reiner"]
[Result "1-0"]
[ECO "B30"]
[WhiteElo "2302"]
[BlackElo "2239"]
[Annotator "ChessBase"]
[PlyCount "117"]
[EventDate "2019.05.26"]
[EventType "tourn"]
[EventCountry "GER"]
[SourceTitle "playchess.com"]
[Source "ChessBase"]
[SourceQuality "1"]
[TimeControl "40/5400+30:1800+30"]

1. e4 c5 2. Nf3 Nc6 3. Bb5 e5 4. O-O Nge7 5. c3 a6 6. Ba4 b5 7. Bb3 c4 8. Bc2 Ng6 9. d3 cxd3 10. Qxd3 Be7 11. Be3 O-O 12. Nbd2 Rb8 13. Rfd1 d6 14. a4 Qc7 15. axb5 axb5 16. Bb3 h6 17. Bd5 Kh8 18. Nf1 Na5 19. N1d2 Be6 20. b4 Nc6 21. Ra6 Bd7 22. Rda1 Qc8 23. g3 Kh7 24. h4 Qe8 25. Kg2 Nh8 26. Rh1 Qc8 27. Rha1 Qe8 28. Bb6 Rc8 29. Nf1 g6 30. Ne3 f5 31. h5 f4 32. hxg6+ Qxg6 33. Nf5 Rxf5 34. exf5 Bxf5 35. Qxb5 Bd3 36. c4 e4 37. Bxc6 Rxc6 38. Qxc6 exf3+ 39. Kxf3 Nf7 40. gxf4 Qh5+ 41. Kg2 Qg4+ 42. Kh1 Qxf4 43. Re1 Ne5 44. Qg2 Bg5 45. Ra7+ Kg6 46. Re3 Qxc4 47. Bd8 Ng4 48. Bxg5 hxg5 49. Re1 Qd4 50. Re6+ Nf6 51. Ra5 Bf5 52. Rxf6+ Qxf6 53. Kg1 Qe6 54. Ra1 d5 55. b5 Be4 56. Ra6 Bxg2 57. Rxe6+ Kf5 58. b6 d4 59. Kxg2 1-0

[Event "90th GER-ch 2019"]
[Site "Magdeburg"]
[Date "2019.06.01"]
[Round "9.13"]
[White "Svane, Frederik"]
[Black "Dauth, Benjamin"]
[Result "1/2-1/2"]
[ECO "C71"]
[WhiteElo "2342"]
[BlackElo "2295"]
[Annotator "ChessBase"]
[PlyCount "90"]
[EventDate "2019.05.26"]
[EventType "tourn"]
[EventCountry "GER"]
[SourceTitle "playchess.com"]
[Source "ChessBase"]
[SourceQuality "1"]
[TimeControl "40/5400+30:1800+30"]

1. e4 e5 2. Nf3 Nc6 3. Bb5 a6 4. Ba4 d6 5. d4 Bd7 6. c3 Nf6 7. O-O Be7 8. Re1 O-O 9. Nbd2 b5 10. Bc2 Bg4 11. h3 Bh5 12. d5 Bxf3 13. Qxf3 Nb8 14. a4 c6 15. b4 bxa4 16. Bxa4 a5 17. dxc6 axb4 18. Nb3 Qc8 19. cxb4 Nxc6 20. Qc3 Nd4 21. Qxc8 Rfxc8 22. Nxd4 exd4 23. Bd2 d5 24. exd5 Nxd5 25. b5 Bc5 26. Bb3 Rxa1 27. Rxa1 Nc3 28. Bc4 Kf8 29. Kf1 Rb8 30. Bxc3 dxc3 31. Rc1 Bb4 32. Ke2 Ke7 33. Rb1 Rd8 34. Bd3 Bc5 35. Rb3 Bd4 36. Be4 Kd6 37. Kd3 Kc5 38. b6 Be5+ 39. Ke3 Kc4 40. Rb1 Bd4+ 41. Ke2 Re8 42. Kf3 g6 43. b7 Ba7 44. Ra1 Bb8 45. Bc2 Re7 {[%emt 0:04:38] Ke4} 1/2-1/2

[Event "90th GER-ch 2019"]
[Site "Magdeburg"]
[Date "2019.06.01"]
[Round "9.14"]
[White "Adiyaman, Rene"]
[Black "Kardoeus, David"]
[Result "0-1"]
[ECO "B22"]
[WhiteElo "2175"]
[BlackElo "2202"]
[Annotator "ChessBase"]
[PlyCount "124"]
[EventDate "2019.05.26"]
[EventType "tourn"]
[EventCountry "GER"]
[SourceTitle "playchess.com"]
[Source "ChessBase"]
[SourceQuality "1"]
[TimeControl "40/5400+30:1800+30"]

1. e4 c5 2. c3 Nf6 3. e5 Nd5 4. Nf3 Nc6 5. d4 cxd4 6. cxd4 d6 7. Bc4 dxe5 8. Bxd5 Qxd5 9. Nc3 Qd6 10. d5 Nd4 11. Nxd4 exd4 12. Qxd4 e5 13. Qd3 Bd7 14. O-O Be7 15. f4 O-O 16. fxe5 Qxe5 17. Bf4 Qf5 18. Qxf5 Bxf5 19. d6 Bd8 20. Rad1 f6 21. Nd5 Bg4 22. Rd2 Kf7 23. a3 Rc8 24. h3 Bd7 25. Nc7 h6 26. Rc1 f5 27. Re2 g5 28. Bd2 f4 29. Rce1 Bxc7 30. Re7+ Kg6 31. Rxd7 Bb6+ 32. Kh2 Rc2 33. Re2 Be3 34. Rxe3 fxe3 35. Bxe3 Rf7 36. Rxf7 Kxf7 37. Bxa7 Ke6 38. Bd4 h5 39. Kg3 Rd2 40. Be3 Rd3 41. Kf2 Rd5 42. b4 Kxd6 43. a4 Ke6 44. Kf3 Rd3 45. Ke2 Rb3 46. Bxg5 Rxb4 47. a5 Rb3 48. Be3 Kf5 49. Bb6 Ke4 50. Kf2 h4 51. Bd8 Rb2+ 52. Kg1 Ra2 53. Kh2 Kd3 54. Bxh4 Rxa5 55. Kg3 b5 56. Kf3 Ra7 57. g4 Rf7+ 58. Kg2 b4 59. Bg3 Ke4 60. Be1 b3 61. Bc3 Rc7 62. Bh8 Kf4 0-1

[Event "90th GER-ch 2019"]
[Site "Magdeburg"]
[Date "2019.06.01"]
[Round "9.15"]
[White "Polster, Christian"]
[Black "Guenther, Andreas"]
[Result "1-0"]
[ECO "A01"]
[WhiteElo "2236"]
[BlackElo "2121"]
[Annotator "ChessBase"]
[PlyCount "59"]
[EventDate "2019.05.26"]
[EventType "tourn"]
[EventCountry "GER"]
[SourceTitle "playchess.com"]
[Source "ChessBase"]
[SourceQuality "1"]
[TimeControl "40/5400+30:1800+30"]

1. b3 e5 2. Bb2 Nc6 3. e3 Nf6 4. Bb5 Bd6 5. Na3 Na5 6. Be2 c6 7. c4 Qe7 8. Nc2 c5 9. d4 exd4 10. exd4 Nc6 11. Nf3 O-O 12. O-O Ne4 13. Bd3 f5 14. Re1 cxd4 15. Ncxd4 Nxd4 16. Bxe4 fxe4 17. Qxd4 Rf4 18. Nd2 Bb4 19. Rxe4 Rxe4 20. Nxe4 d6 21. Bc3 Bxc3 22. Nxc3 Bd7 23. Rd1 Re8 24. h3 Bc6 25. Qxd6 Qg5 26. Nd5 h6 27. Qf4 Qh5 28. Qg4 Qe5 29. f4 Qe4 30. Nf6+ 1-0

[Event "90th GER-ch 2019"]
[Site "Magdeburg"]
[Date "2019.06.01"]
[Round "9.16"]
[White "Nosek, Reinhard"]
[Black "Moeller, Dustin"]
[Result "0-1"]
[ECO "D02"]
[WhiteElo "1913"]
[BlackElo "2156"]
[Annotator "ChessBase"]
[PlyCount "63"]
[EventDate "2019.05.26"]
[EventType "tourn"]
[EventCountry "GER"]
[SourceTitle "playchess.com"]
[Source "ChessBase"]
[SourceQuality "1"]
[TimeControl "40/5400+30:1800+30"]

1. d4 d5 2. Nf3 Nf6 3. Bf4 e6 4. Nbd2 c5 5. c3 Nc6 6. e3 cxd4 7. exd4 Nh5 8. Be3 Bd6 9. Bb5 g6 10. Ne5 Bd7 11. Nxd7 Qxd7 12. Nf3 f6 13. Qd2 O-O 14. O-O Qf7 15. Rad1 Rad8 16. Qc1 g5 17. g3 Ne7 18. Bd3 Ng6 19. Qc2 g4 20. Bxg6 hxg6 21. Ne1 Qh7 22. f4 Ng7 23. Bc1 Nf5 24. Qe2 Qh5 25. Nd3 Kf7 26. Rde1 Rde8 27. Qg2 Rh8 28. Re2 Rh7 29. Kf2 Qxh2 30. Ke1 Qxg3+ 31. Kd2 Rh3 32. Rg1 0-1